 Dungeon Crawl Stone Soup version 0.19.0 (webtiles) character file.

275750 Ultraviolent4 the Severer (level 21, -5/153 HPs)
             Began as a Formicid Fighter on Nov 7, 2016.
             Was the Champion of Okawaru.
             Blown up by an eye of devastation (67 damage)
             ... with a bolt of energy
             ... on level 5 of the Pits of Slime on Nov 8, 2016.
             The game lasted 00:42:56 (40460 turns).

Ultraviolent4 the Severer (Formicid Fighter)       Turns: 40460, Time: 00:42:57

Health: -5/153     AC: 36    Str: 32    XL:     21   Next: 21%
Magic:  23/25      EV: 20    Int:  9    God:    Okawaru [******]
Gold:   788        SH: 18    Dex: 15    Spells: 0 memorised, 20 levels left

rFire  . . .     SeeInvis +     a - +5 executioner's axe of Ancient Evil {freeze, *Drain *Slow rPois rC+++}
rCold  + + +     Gourm    .     j - +1 crystal plate armour
rNeg   . . .     Faith    .     B - +0 shield
rPois  +         Spirit   .     (helmet unavailable)
rElec  .         Reflect  .     g - +0 cloak
rCorr  +         Harm     +     s - +0 pair of gloves
MR     ++...                    i - +2 pair of boots
Stlth  ..........               N - amulet of harm
                                F - ring of resist corrosion
                                n - +3 ring of evasion (curse)

@: mighty, heroism
A: permanent stasis, dig shafts and tunnels, four strong arms, antennae 3,
blurry vision 1, deterioration 2, frail 1, sense surroundings 1, strong 1
a: Dig, Shaft Self, Heroism, Finesse, Renounce Religion
}: 2/15 runes: decaying, gossamer


You were on level 5 of the Pits of Slime.
You worshipped Okawaru.
Okawaru was exalted by your worship.
You were not hungry.

You visited 7 branches of the dungeon, and saw 39 of its levels.

You collected 1288 gold pieces.
You spent 500 gold pieces at shops.

Inventory:

Hand Weapons
 a - the +5 executioner's axe of Ancient Evil (weapon) {freeze, *Drain *Slow rPois rC+++}
   (Okawaru gifted it to you on level 5 of the Depths)

   It has been specially enchanted to freeze those struck by it, causing extra
   injury to most foes and up to half again as much damage against particularly
   susceptible opponents.
   It can also slow down cold-blooded creatures.
   It renders you almost immune to cold.
   It protects you from poison.
   It causes draining when unequipped.
   It may slow you when you take damage.
 b - a +0 battleaxe of flaming
   (You took it off a hell knight on level 2 of the Depths)
 z - a +2 battleaxe of freezing
   (You took it off a frost giant on level 1 of the Depths)
Armour
 g - a +0 cloak (worn)
   (You took it off Crazy Yiuf on level 4 of the Dungeon)
 i - a +2 pair of boots (worn)
   (You found it on level 7 of the Dungeon)
 j - a +1 crystal plate armour (worn)
   (Okawaru gifted it to you on level 2 of the Depths)
 s - a +0 pair of gloves (worn)
   (You found it on level 8 of the Dungeon)
 B - a +0 shield (worn)
 M - a +2 plate armour of poison resistance
   (Okawaru gifted it to you on level 4 of the Lair of Beasts)
Jewellery
 n - a cursed +3 ring of evasion (left hand)
   (You took it off a tengu reaver on level 4 of the Depths)
 F - a ring of resist corrosion (right hand)
   (You bought it in a shop on level 5 of the Depths)
 N - an amulet of harm (around neck)
   (You found it on level 4 of the Lair of Beasts)
Wands
 d - a wand of iceblast (8/15)
   (You found it on level 2 of the Spider Nest)
 u - a wand of paralysis (9/24)
   (You found it on level 5 of the Dungeon)
 v - a wand of random effects (27/48)
   (You found it on level 9 of the Dungeon)
 x - a wand of acid (9/15)
   (You found it on level 5 of the Depths)
 y - a wand of confusion (38/48)
   (You found it on level 7 of the Dungeon)
 P - a wand of enslavement (8/24)
   (You took it off a kobold on level 5 of the Dungeon)
Scrolls
 c - a scroll of identify {@r1}
 t - a scroll of fog
 E - 4 scrolls of remove curse {@r2}
 I - 2 scrolls of magic mapping
 K - 2 scrolls of enchant armour
 L - 5 scrolls of recharging
 Q - a scroll of enchant weapon
Potions
 e - 4 potions of flight
 k - a potion of ambrosia
 l - 2 potions of magic
 m - 5 potions of resistance
 o - 2 potions of brilliance
 r - a potion of curing {@q1}
 w - a potion of cure mutation
 C - 3 potions of cancellation
 J - 2 potions of lignification {!q}
Comestibles
 f - 14 slices of pizza
 h - 12 royal jellies
 q - 13 bread rations
 D - 3 beef jerkies


   Skills:
 * Level 16.2(21.2) Fighting
 * Level 20.2(25.2) Axes
 + Level 16.2(21.2) Armour
 + Level 11.8(16.8) Dodging
 + Level 17.5(22.5) Shields
 - Level 6.0 Invocations


You had 20 spell levels left.
You didn't know any spells.

Dungeon Overview and Level Annotations

Branches:
Dungeon (15/15)            Temple (1/1) D:7            Lair (5/6) D:10
  Swamp (4/4) Lair:4       Spider (4/4) Lair:4        Slime (5/5) Lair:5
 Vaults (0/5) D:14         Depths (5/5) D:15            Zot (0/5) Depths:5
    Orc: D:9-12

Altars:
Ashenzari
Elyvilon
Fedhas
Gozag
Hepliaklqana
Kikubaaqudgha
Makhleb
Nemelex Xobeh
Okawaru
Qazlal
Ru
Sif Muna
Trog
Uskayaw
Vehumet
Xom
Zin
The Shining One
Jiyva

Shops:
Depths:5 =

Portals:
Hell: Depths:5
Abyss: Depths:1
Pandemonium: Depths:4 Depths:5
Ziggurat: Depths:2


Innate Abilities, Weirdness & Mutations

You are under a permanent stasis effect.
You can dig through walls and to a lower floor.
Your four strong arms can wield two-handed weapons with a shield.
You have a pair of large antennae on your head. (SInv)
Scrolls take you a little longer to read.
Your body often deteriorates upon taking damage.
You are frail. (-10% HP)
You passively map a small area around you.
Your muscles are strong. (Str +2)


Message History

You freeze the acid blob!
Your hands burn!
You cut the slime creature into ribbons!!!
You freeze the slime creature!
You kill the slime creature!
Okawaru accepts your kill.
You slash the slime creature! You freeze the slime creature.
You kill the slime creature!
Okawaru accepts your kill.
You slice the acid blob!! You freeze the acid blob!!
You kill the acid blob!
Okawaru accepts your kill.
A large slime creature splits.
You carve the slime creature like a ham!!!
You freeze the slime creature! You slash the slime creature!
You freeze the slime creature.
You cut the slime creature into ribbons!!!
You freeze the slime creature!!
You kill the slime creature!
Okawaru accepts your kill.
You carve the slime creature like a ham!!!!
You freeze the slime creature.
You kill the slime creature!
Okawaru accepts your kill.
You slash the slime creature! You freeze the slime creature.
You are no longer corroded.
You slice the slime creature!! You freeze the slime creature.
You kill the slime creature!
Okawaru accepts your kill. You block the slime creature's attack.
You barely miss the slime creature. You slash the slime creature!
You freeze the slime creature! The slime creature barely misses you.
You slash the slime creature! You freeze the slime creature.
You cut the slime creature into ribbons!!!!
You freeze the slime creature.
You kill the slime creature!
Okawaru accepts your kill.
No target in view!
No target in view!
No target in view!
No target in view!
You start resting.
Your hands slow down.
An eye of devastation comes into view.
An eye of devastation is nearby!
An eye of devastation is nearby!
The eye of devastation turns its gaze towards you.
The eye of devastation gazes at you. The bolt of energy hits you!
You die...

, ....$$$...................
, .....[=[..................
....)|φ"?.................
....G?:[)................. ,
,,....[.!"..................
, ..........................
, ..........................
,
...........................
#.........@...............
....}.$?................. ,
*...../))$................,
....=")}!............... , ,
*.....$=?............... ,
,....)?%.............
.....!........... , ,
................
...............


You could see an eye of devastation.

Vanquished Creatures
  the Royal Jelly (Slime:5)
  2 golden dragons
  A tentacled monstrosity (Swamp:3)
  15 acid blobs
  Kirke (Swamp:4)
  2 shadow dragons (Depths:5)
  3 thorn hunters
  A tengu reaver (Depths:4)
  2 fire giants
  10 azure jellies
  3 frost giants
  A draconian knight (Depths:5)
  4 ghost moths
  9 emperor scorpions
  2 draconian callers (Depths:5)
  6 very ugly things
  A vampire knight (Depths:3)
  5 stone giants
  3 yellow draconians (Depths:5)
  4 entropy weavers
  A black draconian (Depths:5)
  A green draconian (Depths:5)
  Nessos (D:15)
  2 spark wasps (Spider:4)
  3 ettins
  3 death oozes (Slime:5)
  8 great orbs of eyes
  A deep elf high priest (Depths:4)
  A fire dragon (Depths:4)
  Harold (D:11)
  23 hydras
  Erica (D:11)
  4 vault guards (D:14)
  6 ice dragons
  A spriggan air mage (Depths:4)
  A rakshasa (Depths:1)
  3 ghost crabs
  An anaconda (Depths:4)
  7 alligators
  A queen ant (Spider:4)
  4 deep troll earth magi (Depths:5)
  4 tengu warriors
  3 deep troll shamans
  8 spriggans
  A sun demon (Depths:4)
  5 spriggan berserkers
  A deep elf knight (Depths:4)
  Sonja (D:12)
  5 hell knights (Depths:2)
  A storm dragon skeleton (Depths:3)
  An iron troll (Depths:2)
  A glowing orange brain (Depths:5)
  A spark wasp zombie (Depths:3)
  3 spriggan druids
  2 wizards (D:15)
  2 shambling mangroves (Swamp:3)
  10 deep trolls
  An unseen horror (D:11)
  A flayed ghost (D:14)
  6 hill giants
  6 swamp dragons
  A phantasmal warrior (Depths:3)
  3 necromancers
  29 orb spiders
  4 shining eyes
  31 wolf spiders
  A deep elf mage (D:15)
  4 ugly things
  An orc sorcerer (D:15)
  2 fire giant zombies (Depths:3)
  5 salamanders
  3 centaur zombies
  3 cyclopes
  6 elephants (Lair:4)
  A moth of wrath (Spider:4)
  2 eyes of devastation (Slime:4)
  A black mamba (shapeshifter) (Depths:1)
  A water nymph (shapeshifter) (Depths:1)
  4 black mambas
  16 spiny frogs
  2 centaur skeletons
  A gargoyle (D:10)
  8 komodo dragons
  A rime drake (shapeshifter) (Depths:1)
  3 kobold demonologists
  3 yaktaurs
  A redback zombie (D:15)
  A freezing wraith (D:14)
  15 demonic crawlers
  A queen bee (D:10)
  A troll (D:13)
  52 jumping spiders
  A polar bear (Lair:4)
  5 tyrant leeches
  Prince Ribbit (Lair:3)
  6 bog bodies
  23 blink frogs
  21 hornets
  4 hippogriffs
  48 slime creatures
  3 air elementals (Depths:4)
  A centaur simulacrum (D:15)
  A wraith (D:14)
  58 redbacks
  2 shadows
  Eustachio (D:6)
  44 yaks
  24 tarantellas
  An elf zombie (Depths:3)
  6 humans
  3 basilisks
  2 hungry ghosts
  5 golden eyes
  9 vampire mosquitoes
  2 hogs (Swamp:4)
  12 swamp worms
  A steam dragon (D:8)
  5 insubstantial wisps (Swamp:3)
  25 soldier ants (Spider:4)
  A water moccasin (Lair:4)
  5 swamp drakes
  2 floating eyes
  14 porcupines
  5 orc warriors
  A hornet zombie (D:15)
  2 ice beasts
  A black bear (D:5)
  5 phantoms
  3 sky beasts
  3 eyes of draining
  9 ogres
  The ghost of myxocpahck the Cudgeler, an amateur DsBe of Trog (D:3)
  6 wolves (Lair:4)
  3 centaurs
  12 crocodiles
  Blork the orc (D:4)
  4 big kobolds
  12 bullfrogs
  2 wyvern zombies (D:14)
  A wyvern skeleton (D:14)
  A scorpion (Spider:3)
  31 killer bees
  An electric eel (Spider:4)
  6 howler monkeys
  8 crimson imps
  4 quasits
  3 bullfrog zombies
  8 orc priests
  8 hounds
  9 orc wizards
  Crazy Yiuf (D:4)
  4 bullfrog skeletons
  14 iguanas
  30 worker ants
  3 hound skeletons
  A worker ant zombie (D:10)
  Robin (D:4)
  A howler monkey zombie (D:9)
  9 adders
  A howler monkey skeleton (D:10)
  6 river rats (D:10)
  2 shadow imps (D:5)
  3 oozes
  2 adder zombies
  2 adder skeletons
  A worm (D:5)
  2 dart slugs
  4 leopard geckos
  49 orcs
  4 giant cockroaches
  5 goblins
  9 hobgoblins
  12 jackals
  7 quokkas
  A ball python (D:3)
  A bat (D:3)
  2 frilled lizards
  A jackal skeleton (D:5)
  6 kobolds
  A leopard gecko skeleton (D:4)
  12 rats (D:1)
  2 rat zombies (D:6)
  A fungus (Lair:1)
1106 creatures vanquished.

Vanquished Creatures (others)
  An eye of devastation (Slime:4)
  A jumping spider (Spider:3)
  A bog body (Swamp:4)
  A redback (Spider:3)
  A human (Swamp:4)
  2 briar patches (Swamp:4)
  3 bushes (D:15)
  5 fungi (Lair:4)
  9 toadstools (Swamp:3)
24 creatures vanquished.

Grand Total: 1130 creatures vanquished

Notes
Turn   | Place    | Note
-------+----------+-------------------------------------------
     0 | D:1      | Ultraviolent4 the Formicid Fighter began the quest for the Orb.
     0 | D:1      | Reached XP level 1. HP: 18/18 MP: 1/1
   104 | D:1      | Reached XP level 2. HP: 19/24 MP: 2/2
   179 | D:2      | Found an ancient bone altar of Kikubaaqudgha.
   202 | D:2      | Reached XP level 3. HP: 29/29 MP: 3/3
   247 | D:3      | Noticed myxocpahck's ghost (amateur DsBe)
   264 | D:3      | Killed myxocpahck's ghost
   264 | D:3      | Reached skill level 3 in Axes
   264 | D:3      | Reached XP level 4. HP: 4/37 MP: 4/4
   264 | D:3      | Reached XP level 5. HP: 5/42 MP: 5/5
   919 | D:4      | Noticed an ogre
   929 | D:4      | Killed an ogre
   929 | D:4      | Reached skill level 4 in Axes
   929 | D:4      | Reached XP level 6. HP: 31/49 MP: 6/6
  1623 | D:4      | Noticed an ogre
  1629 | D:4      | Killed an ogre
  1629 | D:4      | Reached XP level 7. HP: 48/55 MP: 7/7
  1639 | D:4      | Reached skill level 5 in Shields
  1785 | D:4      | Reached skill level 5 in Axes
  1785 | D:4      | Reached skill level 5 in Armour
  1811 | D:4      | Noticed Robin
  1821 | D:4      | Killed Robin
  1876 | D:4      | Noticed Blork the orc
  1884 | D:4      | Killed Blork the orc
  1909 | D:4      | Found a runed door.
  2046 | D:4      | Noticed Crazy Yiuf
  2053 | D:4      | Killed Crazy Yiuf
  2053 | D:4      | Reached skill level 5 in Fighting
  2393 | D:5      | Entered Level 5 of the Dungeon
  2420 | D:5      | Reached XP level 8. HP: 22/62 MP: 8/8
  2773 | D:5      | Reached skill level 6 in Axes
  3518 | D:6      | Noticed Eustachio
  3575 | D:6      | Killed Eustachio
  3676 | D:6      | Noticed a human
  3677 | D:6      | Noticed a human
  3678 | D:6      | Noticed a human
  3679 | D:6      | Noticed a human
  3693 | D:6      | Killed a human
  3693 | D:6      | Reached skill level 7 in Axes
  3693 | D:6      | Reached XP level 9. HP: 26/69 MP: 9/9
  4076 | D:5      | Reached skill level 8 in Axes
  4138 | D:6      | Found an opulent altar of Gozag.
  5070 | D:6      | Reached XP level 10. HP: 77/77 MP: 10/10
  5084 | D:6      | Found a sparkling altar of Nemelex Xobeh.
  5084 | D:6      | Found a faded altar of an unknown god.
  5089 | D:6      | Found a faded altar of an unknown god.
  5091 | D:6      | Found a faded altar of an unknown god.
  5093 | D:6      | Found a faded altar of an unknown god.
  5197 | D:7      | Found a staircase to the Ecumenical Temple.
  5211 | Temple   | Entered the Ecumenical Temple
  5302 | Temple   | Became a worshipper of Warmaster Okawaru
  5504 | D:7      | Reached skill level 1 in Invocations
  5788 | D:7      | Reached skill level 9 in Axes
  6024 | D:7      | Reached * piety under Okawaru
  6494 | D:8      | Found a stormy altar of Qazlal.
  6640 | D:8      | Found a burning altar of Makhleb.
  6640 | D:8      | Found a shimmering altar of Xom.
  7882 | D:9      | Reached ** piety under Okawaru
  8082 | D:9      | Reached XP level 11. HP: 86/86 MP: 14/14
  8169 | D:9      | Reached skill level 10 in Axes
  8267 | D:9      | Found a deep blue altar of Sif Muna.
  8585 | D:10     | Entered Level 10 of the Dungeon
  8696 | D:10     | Noticed a hill giant
  8711 | D:10     | Killed a hill giant
  8711 | D:10     | Reached skill level 5 in Invocations
  9033 | D:10     | Found a staircase to the Lair.
  9107 | D:10     | Reached *** piety under Okawaru
 10085 | D:10     | Noticed a hill giant
 10096 | D:10     | Killed a hill giant
 10096 | D:10     | Reached **** piety under Okawaru
 10096 | D:10     | Reached skill level 11 in Axes
 10437 | D:10     | Noticed a cyclops
 10444 | D:10     | Killed a cyclops
 10444 | D:10     | Reached skill level 10 in Shields
 10684 | D:11     | Reached XP level 12. HP: 94/94 MP: 13/16
 10694 | D:11     | Reached skill level 1 in Dodging
 10713 | D:11     | Noticed Erica
 10730 | D:11     | Killed Erica
 10730 | D:11     | Reached ***** piety under Okawaru
 10806 | Lair:1   | Entered Level 1 of the Lair of Beasts
 11423 | Lair:2   | Noticed a five-headed hydra
 11435 | Lair:2   | Killed a one-headed hydra
 11435 | Lair:2   | Reached skill level 10 in Armour
 11595 | Lair:2   | Reached skill level 12 in Axes
 11636 | Lair:2   | Received a gift from Okawaru
 11637 | Lair:2   | Got a smoking fustibalus {god gift}
 12690 | Lair:3   | Reached XP level 13. HP: 60/103 MP: 14/17
 13207 | Lair:3   | Noticed a seven-headed hydra
 13217 | Lair:3   | Killed a three-headed hydra
 13217 | Lair:3   | Reached skill level 10 in Fighting
 13550 | Lair:3   | Noticed Prince Ribbit
 13579 | Lair:3   | Killed Prince Ribbit
 13579 | Lair:3   | Received a gift from Okawaru
 13882 | Lair:4   | Reached skill level 13 in Axes
 14289 | Lair:4   | Found a staircase to the Swamp.
 14406 | Lair:4   | Got a translucent leather armour
 14626 | Lair:4   | Found a hole to the Spider Nest.
 15186 | Lair:4   | Noticed a six-headed hydra
 15198 | Lair:4   | Killed a three-headed hydra
 15676 | Lair:4   | Received a gift from Okawaru
 15927 | Lair:5   | Found a staircase to the Slime Pits.
 15927 | Lair:5   | Found a viscous altar of Jiyva.
 16207 | D:11     | Noticed Harold
 16230 | D:11     | Killed Harold
 16626 | D:12     | Noticed Sonja
 16640 | D:12     | Killed Sonja
 16640 | D:12     | Reached skill level 5 in Dodging
 16640 | D:12     | Reached XP level 14. HP: 95/111 MP: 16/18
 16771 | D:13     | Gained mutation: You passively map a small area around you. [potion of mutation]
 16771 | D:13     | Gained mutation: Your body sometimes deteriorates upon taking damage. [potion of mutation]
 16771 | D:13     | Gained mutation: Your muscles are strong. (Str +2) [potion of mutation]
 17020 | D:13     | Reached skill level 14 in Axes
 17425 | D:15     | Entered Level 15 of the Dungeon
 17461 | D:15     | Noticed Nessos
 17785 | D:15     | Killed Nessos
 17839 | D:15     | Found a staircase to the Depths.
 18331 | Spider:1 | Entered Level 1 of the Spider Nest
 18344 | Spider:1 | Noticed a ghost moth
 18371 | Spider:1 | Killed a ghost moth
 18951 | Spider:1 | Received a gift from Okawaru
 19551 | Spider:1 | Reached XP level 15. HP: 110/119 MP: 17/19
 19692 | Spider:2 | Noticed an emperor scorpion
 19719 | Spider:2 | Killed an emperor scorpion
 19719 | Spider:2 | Reached skill level 15 in Axes
 20480 | Spider:3 | Received a gift from Okawaru
 21684 | Spider:3 | Received a gift from Okawaru
 21724 | Spider:3 | Noticed an emperor scorpion
 21737 | Spider:3 | Killed an emperor scorpion
 21766 | Spider:3 | HP: 6/120 [disintegration (39)]
 22160 | Spider:3 | Reached skill level 16 in Axes
 22167 | Spider:3 | Reached XP level 16. HP: 36/127 MP: 18/20
 23137 | Spider:4 | Entered Level 4 of the Spider Nest
 24069 | Spider:4 | Received a gift from Okawaru
 25246 | Spider:4 | Reached XP level 17. HP: 95/135 MP: 9/21
 25380 | Spider:4 | Reached skill level 17 in Axes
 25991 | Spider:4 | Received a gift from Okawaru
 26035 | Spider:4 | Got a gossamer rune of Zot
 26726 | Swamp:1  | Entered Level 1 of the Swamp
 26885 | Swamp:1  | Received a gift from Okawaru
 26893 | Swamp:1  | Reached skill level 15 in Shields
 27360 | Swamp:1  | Got a steaming cloak
 27371 | Swamp:1  | Identified the cursed +0 cloak of Valiance {MR+ Dex+2 Slay-3} (You found it on level 1 of the Swamp)
 27848 | Swamp:3  | Noticed a thorn hunter
 27855 | Swamp:3  | Killed a thorn hunter
 28066 | Swamp:3  | Noticed a thorn hunter
 28080 | Swamp:3  | Killed a thorn hunter
 28099 | Swamp:3  | Noticed a tentacled monstrosity
 28305 | Swamp:3  | Killed a tentacled monstrosity
 28305 | Swamp:3  | Received a gift from Okawaru
 28305 | Swamp:3  | Reached XP level 18. HP: 63/144 MP: 15/22
 28911 | Swamp:4  | Entered Level 4 of the Swamp
 28915 | Swamp:4  | Noticed Kirke
 28930 | Swamp:4  | Killed Kirke
 28930 | Swamp:4  | Reached skill level 18 in Axes
 29508 | Swamp:4  | Received a gift from Okawaru
 31044 | Swamp:3  | Reached skill level 10 in Dodging
 31649 | Swamp:4  | Got a decaying rune of Zot
 32166 | D:14     | Found a gate to the Vaults.
 32265 | Depths:1 | Entered Level 1 of the Depths
 32279 | Depths:1 | Found a one-way gate to the infinite horrors of the Abyss.
 33180 | Depths:2 | Found a gateway to a ziggurat.
 33197 | Depths:2 | Reached XP level 19. HP: 124/152 MP: 16/23
 33198 | Depths:2 | Reached skill level 15 in Armour
 33499 | Depths:2 | Received a gift from Okawaru
 34433 | Depths:4 | Noticed a golden dragon
 34454 | Depths:4 | Killed a golden dragon
 34454 | Depths:4 | Reached skill level 19 in Axes
 35302 | Depths:5 | Entered Level 5 of the Depths
 35627 | Depths:4 | Found a one-way gate leading to the halls of Pandemonium.
 36373 | Depths:5 | Found Degirch's Jewellery Boutique.
 36579 | Depths:5 | HP: 7/154 [shadow dragon/bolt of negative energy (37)]
 37018 | Depths:5 | Noticed a golden dragon
 37041 | Depths:5 | Killed a golden dragon
 37041 | Depths:5 | Reached skill level 15 in Fighting
 37041 | Depths:5 | Reached XP level 20. HP: 56/158 MP: 24/24
 37063 | Depths:5 | HP: 7/158 [mottled draconian knight/long sword of flaming (8)]
 38001 | Depths:5 | Found a gate to the Realm of Zot.
 38055 | Depths:5 | Received a gift from Okawaru
 38064 | Depths:5 | Got a slimy executioner's axe {god gift}
 38065 | Depths:5 | Identified the +5 executioner's axe of Ancient Evil {freeze, *Drain *Slow rPois rC+++} (Okawaru gifted it to you on level 5 of the Depths)
 38080 | Depths:5 | Found a gateway to Hell.
 38090 | Depths:5 | Bought an uncursed ring of resist corrosion for 500 gold pieces
 38537 | Slime:1  | Entered Level 1 of the Pits of Slime
 39900 | Slime:4  | Gained mutation: Scrolls take you a little longer to read. [a shining eye]
 39902 | Slime:4  | Gained mutation: You are frail. (-10% HP) [a shining eye]
 40052 | Slime:3  | Gained mutation: Your body often deteriorates upon taking damage. [a shining eye]
 40244 | Slime:5  | Entered Level 5 of the Pits of Slime
 40266 | Slime:5  | Reached ****** piety under Okawaru
 40267 | Slime:5  | Received a gift from Okawaru
 40267 | Slime:5  | Reached skill level 20 in Axes
 40401 | Slime:5  | Noticed the Royal Jelly
 40418 | Slime:5  | Killed the Royal Jelly
 40418 | Slime:5  | Reached XP level 21. HP: 131/149 MP: 18/25
 40460 | Slime:5  | Blown up by an eye of devastation

Skill      XL: |  1  2  3  4  5  6  7  8  9 10 11 12 13 14 15 16 17 18 19 20 |
---------------+-------------------------------------------------------------+-----
Fighting       | 4 5 6 7 8 9 10 11 12 13 14 15 16 | 16.2
Axes           | 3 4 5 7 8 9 11 12 13 14 16 17 18 19 20 | 20.2
Armour         | 4 5 6 7 8 9 10 11 12 13 14 15 16 | 16.2
Shields        | 4 5 6 7 9 10 11 12 13 14 15 16 17 | 17.5
Invocations    | 4 6 |  6.0
Dodging        | 3 5 6 7 8 9 10 11 | 11.8

Action                   |  1- 3 |  4- 6 |  7- 9 | 10-12 | 13-15 | 16-18 | 19-21 || total
-------------------------+-------+-------+-------+-------+-------+-------+-------++-------
Melee: War axe           |    60 |    55 |   351 |     7 |       |       |       ||   473
       Hand axe          |       |       |       |   825 |   572 |       |       ||  1397
       Scimitar          |       |       |       |     7 |    18 |     4 |       ||    29
       Battleaxe         |       |       |       |       |   235 |       |   349 ||   584
       Broad axe         |       |       |       |       |   162 |  1216 |    33 ||  1411
       Executioner's axe |       |       |       |       |       |       |   180 ||   180
Throw: Throwing net      |       |       |       |       |       |       |     2 ||     2
Invok: Heroism           |       |       |       |    25 |    42 |    45 |    27 ||   139
       Finesse           |       |       |       |       |     4 |    14 |     3 ||    21
 Abil: Dig               |       |       |     4 |       |    12 |     6 |     1 ||    23
Evoke: Wand              |       |       |       |       |     5 |       |       ||     5
  Use: Potion            |     1 |       |       |     2 |     5 |     4 |     7 ||    19
       Scroll            |       |     6 |     5 |     9 |     5 |     6 |       ||    31
 Stab: Paralysed         |       |       |       |       |     4 |       |       ||     4
       Distracted        |       |       |       |       |     2 |       |     1 ||     3
       Held in net/web   |       |       |       |       |       |     9 |       ||     9
       Confused          |       |       |       |       |       |     3 |       ||     3
  Eat: Chunk             |       |     2 |    10 |    15 |    17 |    15 |     3 ||    62
       Fruit             |       |       |     3 |     6 |    17 |       |       ||    26
       Meat ration       |       |       |       |     1 |       |     5 |     2 ||     8
       Royal jelly       |       |       |       |       |       |       |     5 ||     5
Armor: Scale mail        |    28 |    24 |   133 |     9 |       |       |       ||   194
       Chain mail        |       |       |       |    80 |       |       |       ||    80
       Plate armour      |       |       |       |   159 |   435 |   519 |     3 ||  1116
       Crystal plate arm |       |       |       |       |       |       |   272 ||   272
Dodge: Dodged            |    15 |    18 |    89 |   173 |   350 |   501 |   241 ||  1387
Block: Shield            |    27 |    29 |   171 |   389 |   691 |   791 |   352 ||  2450
       Rpst.: Scimitar   |       |       |       |       |     1 |       |       ||     1
